cohdb
Replays
Latest Replays
All Replays
Popular Replays
Top Player Replays
Match Explorer
How It Works
Community
CoH3 Stats
Reddit
Sign in to upload your games and track your stats! →
Sign in with Steam
Match 40009837
Unlisted
Match 40009837
Overview
Messages
Build Orders
End
Construct Barracks
Selects Heavy Weapons
Selects Heavy Weapons
Riflemen Squad
M1 Mortar Team
Engineer Squad
Construct Weapon Support Center
Selects M2HB .50cal Heavy Machine Gun
M1919 Machine Gun Team
Infantry Support Center
Air Support Center
M1919 Machine Gun Team
Construct Motor Pool
M1 Anti-tank Gun Team
M3 Armored Personnel Carrier
Grasshopper Recon Run
Selects Rapid Reposition
Particycles
banksss33
go_kitkayu
冷月笙
战争之裂血手套
silverticket
0
0
Comments
sign in to comment!
No comments posted yet!